ITL
BLUEVILLE 83'S @ TRENTON STARS
06/02/2026
 
TOP OF THE 1ST
Blueville 83's batting - Pitching for Trenton Stars : RHP Juan Vázquez
Pitching: RHP Juan Vázquez
Batting: RHB Juan Costello 0-0: Foul Ball, location: 2F
0-1: Called Strike
0-2: Reached on error, E5 (Groundball, 5L)
Batting: RHB Jorge Rodríguez 0-0: Foul Ball, location: 2F
0-1: Swinging Strike
0-2: Ball
1-2: Ball
2-2: Strikes out swinging
Batting: RHB Bryce Hester 0-0: Called Strike
0-1: Ball
Juan Costello steals 2nd base
1-1: SINGLE (Line Drive, 34D)
Juan Costello to third
Throwing error, E9
Juan Costello scores
Bryce Hester to second
Batting: LHB Ricardo Romero 0-0: Called Strike
0-1: Ball
1-1: Ball
2-1: Foul Ball, location: 2F
2-2: Ball
3-2: Base on Balls
Batting: RHB Jorge Sáenz 0-0: Ball
1-0: Ball
2-0: Ball
3-0: Base on Balls
Bryce Hester to third
Ricardo Romero to second
Batting: LHB Robbie McLaughlin 0-0: Ball
1-0: Ball
2-0: Swinging Strike
2-1: Ball
3-1: Foul Ball, location: 2F
3-2: SINGLE (Line Drive, 56)
Bryce Hester scores
Ricardo Romero to third
Jorge Sáenz to second
Runner from 3rd tries for Home, SAFE, throw made home
Batting: RHB Kuniaki Kawashima 0-0: SINGLE (Line Drive, 56D)
Jorge Sáenz to third
Robbie McLaughlin to second
Runner from 3rd tries for Home, SAFE, no throw or cutoff
Batting: RHB Fernando Díaz 0-0: Ball
1-0: Foul Ball, location: 2F
1-1: SINGLE (Line Drive, 78S)
Robbie McLaughlin to third
Kuniaki Kawashima to second
Batting: LHB Cristóbal Cintrón 0-0: Ball
1-0: Ball
2-0: Called Strike
2-1: Ball
3-1: Called Strike
3-2: Foul Ball, location: 2F
3-2: Base on Balls
Robbie McLaughlin scores
Kuniaki Kawashima to third
Fernando Díaz to second
Batting: RHB Juan Costello 0-0: Foul Ball, location: 2F
0-1: Swinging Strike
0-2: Ball
1-2: Ball
2-2: GRAND SLAM HOME RUN (Flyball, 7D), Distance : 374 ft
Batting: RHB Jorge Rodríguez 0-0: Ball
1-0: DOUBLE (Line Drive, 5D)
Batting: RHB Bryce Hester 0-0: Foul Ball, location: 2F
0-1: Called Strike
0-2: Ball
1-2: SINGLE (Line Drive, 7S)
Jorge Rodríguez to third
Runner from 3rd tries for Home, SAFE, throw made home
Bryce Hester to second
Batting: LHB Ricardo Romero 0-0: Called Strike
0-1: Ball
1-1: SINGLE (Flyball, 89S) - OUT at second base trying to stretch hit.
Bryce Hester scores
Batting: RHB Jorge Sáenz 0-0: Ball
1-0: Called Strike
1-1: Ball
2-1: Foul Ball, location: 2F
2-2: Foul Ball, location: 2F
2-2: Ball
3-2: Fly out, F7 (Flyball, 78D)
Top of the 1st over - 11 run(s), 8 hit(s), 2 error(s), 0 left on base; Blueville 11 - Trenton 0
BOTTOM OF THE 1ST
Trenton Stars batting - Pitching for Blueville 83's : LHP Pierre Dumont
Pitching: LHP Pierre Dumont
Batting: LHB Alonzo Medine 0-0: Foul Ball, location: 2F
0-1: Ground out 4-3 (Groundball, 4)
Batting: LHB Alberto Gómez 0-0: Foul Ball, location: 2F
0-1: Ball
1-1: Ball
2-1: Foul Ball, location: 2F
2-2: Foul Ball, location: 2F
2-2: Ground out 1-3 (Groundball, 13)
Batting: SHB Rafael Villa 0-0: Ball
1-0: Fly out, F6 (Popup, 6M)
Bottom of the 1st over - 0 run(s), 0 hit(s), 0 error(s), 0 left on base; Blueville 11 - Trenton 0
TOP OF THE 2ND
Blueville 83's batting - Pitching for Trenton Stars : RHP Juan Vázquez
Batting: LHB Robbie McLaughlin 0-0: Ball
1-0: Ball
2-0: Ball
3-0: Base on Balls
Batting: RHB Kuniaki Kawashima 0-0: SINGLE (Line Drive, 56D)
Robbie McLaughlin to second
Batting: RHB Fernando Díaz 0-0: Ball
1-0: Called Strike
1-1: Called Strike
1-2: Reached on error, E5 (Groundball, 56)
Robbie McLaughlin to third
Kuniaki Kawashima to second
Batting: LHB Cristóbal Cintrón 0-0: Called Strike
0-1: Ball
1-1: Foul Ball, location: 2F
1-2: Foul Ball, location: 2F
1-2: Strikes out swinging
Batting: RHB Juan Costello 0-0: Ball
1-0: Ball
2-0: DOUBLE (Line Drive, 5L)
Robbie McLaughlin scores
Kuniaki Kawashima scores
Fernando Díaz to third
Batting: RHB Jorge Rodríguez 0-0: Fly out, F7 (Flyball, 78XD)
Runner from 3rd tags up, SCORES, no throw
Batting: RHB Bryce Hester 0-0: Ball
1-0: Called Strike
1-1: Fly out, F8 (Flyball, 8LM)
Top of the 2nd over - 3 run(s), 2 hit(s), 1 error(s), 1 left on base; Blueville 14 - Trenton 0
BOTTOM OF THE 2ND
Trenton Stars batting - Pitching for Blueville 83's : LHP Pierre Dumont
Batting: RHB Nick Bowman 0-0: Called Strike
0-1: Ball
1-1: Ball
2-1: Fly out, F6 (Popup, 6M)
Batting: RHB Rafael Canales 0-0: Called Strike
0-1: Called Strike
0-2: Foul Ball, location: 2F
0-2: Foul Ball, location: 2F
0-2: Ball
1-2: Ball
2-2: Ball
3-2: Ground out 6-3 (Groundball, 6)
Batting: LHB Felipe Guerrero 0-0: Called Strike
0-1: Foul Ball, location: 2F
0-2: Ball
1-2: Ball
2-2: Foul Ball, location: 2F
2-2: Strikes out swinging
Bottom of the 2nd over - 0 run(s), 0 hit(s), 0 error(s), 0 left on base; Blueville 14 - Trenton 0
TOP OF THE 3RD
Blueville 83's batting - Pitching for Trenton Stars : RHP Juan Vázquez
Batting: LHB Ricardo Romero 0-0: Fly out, F4 (Popup, 34)
Batting: RHB Jorge Sáenz 0-0: Ball
1-0: Ground out 4-3 (Groundball, 4)
Batting: LHB Robbie McLaughlin 0-0: Called Strike
0-1: Foul Ball, location: 2F
0-2: Ball
1-2: Ball
2-2: Strikes out swinging
Top of the 3rd over - 0 run(s), 0 hit(s), 0 error(s), 0 left on base; Blueville 14 - Trenton 0
BOTTOM OF THE 3RD
Trenton Stars batting - Pitching for Blueville 83's : LHP Pierre Dumont
Batting: RHB Jesús Dávila 0-0: Bunt missed!
0-1: Ball
1-1: Called Strike
1-2: Ball
2-2: Ball
3-2: Base on Balls
Batting: LHB Ju-wei Shiu 0-0: Ball
1-0: Fly out, F8 (Popup, 89S)
Batting: RHB Chris Cole 0-0: Grounds into double play, 1-6-3 (Groundball, 15S)
Bottom of the 3rd over - 0 run(s), 0 hit(s), 0 error(s), 0 left on base; Blueville 14 - Trenton 0
TOP OF THE 4TH
Blueville 83's batting - Pitching for Trenton Stars : RHP Juan Vázquez
Batting: RHB Kuniaki Kawashima 0-0: Ball
1-0: Swinging Strike
1-1: Ball
2-1: Fly out, F9 (Flyball, 9LM)
Batting: RHB Fernando Díaz 0-0: Called Strike
0-1: Ball
1-1: Foul Ball, location: 2F
1-2: SINGLE (Groundball, 6MD)
Batting: LHB Cristóbal Cintrón 0-0: Ball
1-0: Called Strike
1-1: Foul Ball, location: 2F
1-2: Ball
2-2: Ball
3-2: DOUBLE (Flyball, 8LD)
Fernando Díaz to third
Runner from 3rd tries for Home, SAFE, throw made at trailing runner, SAFE at third!
Batting: RHB Juan Costello 0-0: Foul Ball, location: 2F
0-1: Fly out, F8 (Flyball, 8LD)
Runner from 3rd tags up, SCORES, no throw
Batting: RHB Jorge Rodríguez 0-0: Ball
1-0: Foul Ball, location: 2F
1-1: Foul Ball, location: 2F
1-2: Ball
2-2: Strikes out swinging
Top of the 4th over - 2 run(s), 2 hit(s), 0 error(s), 0 left on base; Blueville 16 - Trenton 0
BOTTOM OF THE 4TH
Trenton Stars batting - Pitching for Blueville 83's : LHP Pierre Dumont
Batting: LHB Alonzo Medine 0-0: Foul Ball, location: 2F
0-1: Ground out 4-3 (Groundball, 4)
Batting: LHB Alberto Gómez 0-0: Ball
1-0: Foul Ball, location: 2F
1-1: Called Strike
1-2: Ground out 4-3 (Groundball, 34)
Batting: SHB Rafael Villa 0-0: Called Strike
0-1: Ball
1-1: Called Strike
1-2: Foul Ball, location: 2F
1-2: Ball
2-2: Ball
3-2: Foul Ball, location: 2F
3-2: Strikes out swinging
Bottom of the 4th over - 0 run(s), 0 hit(s), 0 error(s), 0 left on base; Blueville 16 - Trenton 0
TOP OF THE 5TH
Blueville 83's batting - Pitching for Trenton Stars : RHP Juan Vázquez
Batting: RHB Bryce Hester 0-0: Ground out 4-3 (Groundball, 6M)
Batting: LHB Ricardo Romero 0-0: Ball
1-0: SINGLE (Groundball, 56D) (infield hit)
Pitching: RHP Gilberto Martínez
Batting: RHB Jorge Sáenz 0-0: Called Strike
0-1: Swinging Strike
0-2: Strikes out swinging
Batting: LHB Robbie McLaughlin 0-0: Ball
1-0: Ball
2-0: Foul Ball, location: 2F
2-1: Ball
3-1: Foul Ball, location: 2F
3-2: Base on Balls
Ricardo Romero to second
Batting: RHB Kuniaki Kawashima 0-0: Ball
1-0: Foul Ball, location: 2F
1-1: SINGLE (Line Drive, 9S)
Ricardo Romero to third
Robbie McLaughlin to second
Runner from 3rd tries for Home, SAFE, no throw or cutoff
Batting: RHB Fernando Díaz 0-0: Ball
1-0: Foul Ball, location: 2F
1-1: Foul Ball, location: 2F
1-2: Ball
2-2: Ball
3-2: Fly out, F9 (Popup, 9S)
Top of the 5th over - 1 run(s), 2 hit(s), 0 error(s), 2 left on base; Blueville 17 - Trenton 0
BOTTOM OF THE 5TH
Trenton Stars batting - Pitching for Blueville 83's : LHP Pierre Dumont
Batting: RHB Nick Bowman 0-0: Called Strike
0-1: Swinging Strike
0-2: Fly out, F7 (Flyball, 7D)
Batting: RHB Rafael Canales 0-0: Ball
1-0: Ground out 6-3 (Groundball, 6)
Batting: LHB Felipe Guerrero 0-0: Called Strike
0-1: Ball
1-1: Foul Ball, location: 2F
1-2: Ball
2-2: Foul Ball, location: 2F
2-2: Foul Ball, location: 2F
2-2: Foul Ball, location: 2F
2-2: Ball
3-2: Foul Ball, location: 2F
3-2: Foul Ball, location: 2F
3-2: Fly out, F7 (Flyball, 78M)
Bottom of the 5th over - 0 run(s), 0 hit(s), 0 error(s), 0 left on base; Blueville 17 - Trenton 0
TOP OF THE 6TH
Blueville 83's batting - Pitching for Trenton Stars : RHP Gilberto Martínez
Batting: LHB Cristóbal Cintrón 0-0: Ball
1-0: Ball
2-0: Called Strike
2-1: Called Strike
2-2: Strikes out swinging
Batting: RHB Juan Costello 0-0: Ball
1-0: Ground out 4-3 (Groundball, 4)
Batting: RHB Jorge Rodríguez 0-0: Called Strike
0-1: Ball
1-1: Called Strike
1-2: Foul Ball, location: 2F
1-2: Strikes out looking
Top of the 6th over - 0 run(s), 0 hit(s), 0 error(s), 0 left on base; Blueville 17 - Trenton 0
BOTTOM OF THE 6TH
Trenton Stars batting - Pitching for Blueville 83's : LHP Pierre Dumont
Batting: RHB Jesús Dávila 0-0: Ball
1-0: Foul Ball, location: 2F
1-1: Ball
2-1: Ball
3-1: Bunt for hit - play at first, batter OUT! 2-3
Batting: LHB Ju-wei Shiu 0-0: Called Strike
0-1: Swinging Strike
0-2: Foul Ball, location: 2F
0-2: Ball
1-2: Ground out U3 (Groundball, 3)
Batting: RHB Chris Cole 0-0: Ball
1-0: Ball
2-0: Called Strike
2-1: Fly out, F1 (Line Drive, 13)
Bottom of the 6th over - 0 run(s), 0 hit(s), 0 error(s), 0 left on base; Blueville 17 - Trenton 0
TOP OF THE 7TH
Blueville 83's batting - Pitching for Trenton Stars : RHP Gilberto Martínez
Pitching: LHP Michael Puckett
Batting: RHB Bryce Hester 0-0: Swinging Strike
0-1: Foul Ball, location: 2F
0-2: Foul Ball, location: 2F
0-2: Foul Ball, location: 2F
0-2: Strikes out swinging
Batting: LHB Ricardo Romero 0-0: Ball
1-0: Swinging Strike
1-1: Called Strike
1-2: Foul Ball, location: 2F
1-2: Foul Ball, location: 2F
1-2: Strikes out looking
Batting: RHB Jorge Sáenz 0-0: Fly out, F8 (Flyball, 8RM)
Top of the 7th over - 0 run(s), 0 hit(s), 0 error(s), 0 left on base; Blueville 17 - Trenton 0
BOTTOM OF THE 7TH
Trenton Stars batting - Pitching for Blueville 83's : LHP Pierre Dumont
Batting: LHB Alonzo Medine 0-0: Ball
1-0: Ball
2-0: SINGLE (Groundball, 34)
Pitching: RHP Jim Daniel
Batting: LHB Alberto Gómez 0-0: Fly out, F9 (Flyball, 9LD)
Batting: SHB Rafael Villa 0-0: Swinging Strike
0-1: Ball
1-1: Ball
2-1: Ball
3-1: SINGLE (Line Drive, 4MD)
Alonzo Medine to second
Batting: RHB Nick Bowman 0-0: Called Strike
0-1: Ball
1-1: Foul Ball, location: 2F
1-2: Strikes out looking
Batting: RHB Rafael Canales 0-0: Foul Ball, location: 2F
0-1: Foul Ball, location: 2F
0-2: Ball
1-2: Fly out, F9 (Flyball, 89D)
Bottom of the 7th over - 0 run(s), 2 hit(s), 0 error(s), 2 left on base; Blueville 17 - Trenton 0
TOP OF THE 8TH
Blueville 83's batting - Pitching for Trenton Stars : LHP Michael Puckett
Batting: LHB Robbie McLaughlin 0-0: Called Strike
0-1: Ball
1-1: Ball
2-1: Ball
3-1: Called Strike
3-2: Base on Balls
Batting: RHB Kuniaki Kawashima 0-0: Sac Bunt - play at first, batter OUT! 1-3
Robbie McLaughlin to second
Batting: RHB Fernando Díaz 0-0: Foul Ball, location: 2F
0-1: Ball
1-1: Ball
2-1: Foul Ball, location: 2F
2-2: Ball
3-2: Base on Balls
Pitching: RHP Alfredo Ruíz
Batting: LHB Cristóbal Cintrón 0-0: Called Strike
0-1: Ball
1-1: Ball
2-1: Ball
3-1: Called Strike
Reached via error on a dropped throw, E6
Robbie McLaughlin to third
Fernando Díaz to second
Batting: RHB Juan Costello 0-0: Ball
1-0: Called Strike
1-1: Called Strike
1-2: Ball
Wild Pitch!
Robbie McLaughlin scores
Fernando Díaz to third
Cristóbal Cintrón to second
2-2: Strikes out looking
Batting: RHB Jorge Rodríguez 0-0: Ball
1-0: Called Strike
1-1: Ball
2-1: Ball
3-1: Called Strike
3-2: Ground out 1-3 (Groundball, 23)
Top of the 8th over - 1 run(s), 0 hit(s), 1 error(s), 2 left on base; Blueville 18 - Trenton 0
BOTTOM OF THE 8TH
Trenton Stars batting - Pitching for Blueville 83's : RHP Jim Daniel
Batting: LHB Felipe Guerrero 0-0: Ball
1-0: Ball
2-0: Ball
3-0: Base on Balls
Batting: RHB Jesús Dávila 0-0: Called Strike
0-1: Ball
1-1: Ball
2-1: Foul Ball, location: 2F
2-2: Strikes out looking
Batting: LHB Ju-wei Shiu 0-0: Ball
1-0: Ball
2-0: Foul Ball, location: 2F
2-1: Ball
3-1: Swinging Strike
3-2: 2-RUN HOME RUN (Flyball, 9D), Distance : 371 ft
Batting: RHB Chris Cole 0-0: Called Strike
0-1: Swinging Strike
0-2: Ground out 5-3 (Groundball, 5)
Batting: LHB Alonzo Medine 0-0: Called Strike
0-1: Ball
1-1: Called Strike
1-2: DOUBLE (Flyball, 8RD)
Batting: LHB Alberto Gómez 0-0: Swinging Strike
0-1: Ball
1-1: Swinging Strike
1-2: Foul Ball, location: 2F
1-2: Strikes out swinging
Bottom of the 8th over - 2 run(s), 2 hit(s), 0 error(s), 1 left on base; Blueville 18 - Trenton 2
TOP OF THE 9TH
Blueville 83's batting - Pitching for Trenton Stars : RHP Alfredo Ruíz
Pitching: RHP Ki-tong Shiu
Pinch Hitting: LHB Jacob Wright 0-0: Ball
1-0: Ball
2-0: Called Strike
2-1: Ball
3-1: Ground out 1-3 (Groundball, 15)
Batting: LHB Ricardo Romero 0-0: Ball
1-0: Swinging Strike
1-1: Swinging Strike
1-2: Fly out, F5 (Popup, 56)
Batting: RHB Jorge Sáenz 0-0: Ground out 6-3 (Groundball, 6S)
Top of the 9th over - 0 run(s), 0 hit(s), 0 error(s), 0 left on base; Blueville 18 - Trenton 2
BOTTOM OF THE 9TH
Trenton Stars batting - Pitching for Blueville 83's : RHP Jim Daniel
Now at 2B: Carlos Carrillo
Batting: SHB Rafael Villa 0-0: Ball
1-0: SINGLE (Line Drive, 56)
Batting: RHB Nick Bowman 0-0: Ball
1-0: Called Strike
1-1: SINGLE (Line Drive, 4MD)
Rafael Villa to second
Pinch Hitting: RHB Joe Fisher 0-0: Called Strike
0-1: Fielders Choice at 2nd, 6-4 (Groundball, 6M)
Rafael Villa to third
Batting: LHB Felipe Guerrero 0-0: Foul Ball, location: 2F
0-1: Called Strike
0-2: Ball
1-2: SINGLE (Line Drive, 56D)
Rafael Villa scores
Joe Fisher to second
Batting: RHB Jesús Dávila 0-0: Ball
1-0: Foul Ball, location: 2F
1-1: Foul Ball, location: 2F
1-2: Ball
2-2: Reached on error, E5 (Groundball, 56)
Joe Fisher to third
Felipe Guerrero to second
Batting: LHB Ju-wei Shiu 0-0: Ball
1-0: Foul Ball, location: 2F
1-1: Foul Ball, location: 2F
1-2: Fly out, F6 (Popup, 6D)
Batting: RHB Chris Cole 0-0: Called Strike
0-1: Fly out, F9 (Line Drive, 9M)
Bottom of the 9th over - 1 run(s), 3 hit(s), 1 error(s), 3 left on base; Blueville 18 - Trenton 3
Monday, December 5th, 2016 - OOTP Baseball 17.12 Build 75